 Dungeon Crawl Stone Soup version 0.18-a0-1171-ga8e22e7 (webtiles) character file.

165 4thArraOfDagon the Chopper (level 5, -1/67 HPs)
             Began as a Centaur Berserker on Jan 26, 2016.
             Was a Believer of Trog.
             Slain by 4thArraOfDagon's ghost (9 damage)
             ... on level 5 of the Dungeon.
             The game lasted 00:02:34 (365 turns).

4thArraOfDagon the Chopper (Centaur Berserker)       Turns: 365, Time: 00:02:35

Health: -1/67      AC:  5    Str: 26    XL:     5   Next: 21%
Magic:  5/5        EV: 10    Int:  6    God:    Trog [**....]
Gold:   28         SH:  0    Dex:  8    Spells: 0 memorised, 4 levels left

rFire  . . .     SeeInvis .     a - +0 hand axe
rCold  . . .     Gourm    .     b - +0 animal skin
rNeg   . . .     Faith    .     (no shield)
rPois  .         Spirit   .     e - +0 helmet
rElec  .         Dismiss  .     (no cloak)
rCorr  .         Reflect  .     (no gloves)
SustAt .         Harm     .     (no barding)
MR     .....                    (no amulet)
Stlth  ..........               (no ring)
                                d - ring of loudness (curse)

@: berserking (expiring), very quick, not resistant to hostile enchantments,
extremely unstealthy
A: hooves 3, deformed body, speed 2, tough skin 3
a: Berserk, Trog's Hand, Burn Spellbooks, Renounce Religion


You were on level 5 of the Dungeon.
You worshipped Trog.
Trog was pleased with you.
You were hungry.

You visited 1 branch of the dungeon, and saw 5 of its levels.

You collected 28 gold pieces.

Inventory:

Hand Weapons
 a - a +0 hand axe (weapon)
Armour
 b - a +0 animal skin (worn)
 e - a +0 helmet (worn)
 l - a +0 cloak
Jewellery
 d - a cursed ring of loudness (left hand)
Scrolls
 f - 2 scrolls of teleportation {unknown}
 i - a scroll of noise {unknown}
 k - a scroll of enchant weapon {unknown}
Comestibles
 c - 2 bread rations
 g - a slice of pizza
 h - a beef jerky
 j - 6 chunks of flesh


   Skills:
 + Level 3.6 Fighting
 * Level 4.1 Axes
 + Level 2.2 Armour
 + Level 2.0 Dodging


You had 4 spell levels left.
You didn't know any spells.

Dungeon Overview and Level Annotations

Branches:
Dungeon (5/15)
 Temple: D:4-7

Altars:
Elyvilon

Annotations:
D:4 4thArraOfDagon's ghost, amateur CeBe
D:5 4thArraOfDagon's ghost, weakling CeBe


Innate Abilities, Weirdness & Mutations

You have hooves in place of feet.
Armour fits poorly on your strangely shaped body.
You cover ground very quickly.
You have extremely tough skin (AC +3).


Message History

You kill the orc wizard!
Trog accepts your kill.
Trog appreciates your killing of a magic user.
You have reached level 5!
You slash the jackal!
You kill the jackal!
Trog accepts your kill. Something hits you.
* * * LOW HITPOINT WARNING * * *
You barely miss the orc. You kick the orc!
You kill the orc!
Trog accepts your kill.
You miss something. You closely miss the crimson imp.
You hit 4thArraOfDagon's ghost. 4thArraOfDagon's ghost is lightly damaged.
You slash the orc!
You kill the orc!
Trog accepts your kill. 4thArraOfDagon's ghost hits you!
You die...

#.#W# #.#.#
...#.... ..#.#
..#...### # #.#
......).# ###<# #
........# ....# #
#. #....>..#
..###
...#.##.....# ..#
....>.†{).a.# #.#
#5@)h.# #.#
#W#)...... #.#
#(#####... ..#
#.# # ### #.#
####### #.# #..
..# #.#
#.###.#######.#
###......#......#


You could see a worker ant, 4thArraOfDagon's ghost, a crimson imp and a jackal.

Vanquished Creatures
  An orc priest (D:3)
  3 orc wizards (D:5)
  Robin (D:4)
  9 orcs
  A giant cockroach (D:3)
  9 goblins
  2 hobgoblins (D:4)
  4 jackals (D:5)
  A bat (D:3)
  3 rats
34 creatures vanquished.

Notes
Turn   | Place    | Note
--------------------------------------------------------------
     0 | D:1      | 4thArraOfDagon the Centaur Berserker began the quest for the Orb.
     0 | D:1      | Reached XP level 1. HP: 19/19 MP: 1/1
    72 | D:3      | Found a white marble altar of Elyvilon.
    75 | D:3      | Noticed an orc priest
   117 | D:3      | Killed an orc priest
   117 | D:3      | Reached XP level 2. HP: 4/26 MP: 2/2
   117 | D:3      | Reached XP level 3. HP: 4/31 MP: 3/3
   121 | D:4      | Noticed 4thArraOfDagon's ghost (amateur CeBe)
   141 | D:3      | Found a faded altar to an unknown god.
   221 | D:4      | Noticed Robin
   233 | D:4      | Killed Robin
   275 | D:4      | Reached ** piety under Trog
   280 | D:5      | Entered Level 5 of the Dungeon
   309 | D:5      | Noticed 4thArraOfDagon's ghost (weakling CeBe)
   356 | D:5      | Reached XP level 4. HP: 17/38 MP: 4/4
   361 | D:5      | Reached skill level 4 in Axes
   364 | D:5      | Reached XP level 5. HP: 13/45 MP: 5/5
   365 | D:5      | Slain by 4thArraOfDagon's ghost

Vault maps used:
D:1:      matt_arrival_refuge, serial_forest, infiniplex_forest_clump_tiny,
          infiniplex_forest_clump_tiny, infiniplex_forest_lined_3,
          infiniplex_forest_lined_room_2, infiniplex_forest_lined_room_,
          infiniplex_forest_straight_4, infiniplex_forest_straight_4,
          infiniplex_forest_end_2
D:2:      nicolae_overflow_crystal_walls, first_bread, kennysheep_generic_room_5
D:3:      fedhas_altar_3, lemuel_crystal_altar, ecumenical_altar_2,
          gup_sewer_entry_bubbles
D:4:      kennysheep_little_box, hangedman_abyss_or_decor_lesser_grid,
          kennysheep_generic_room_14, uniq_robin, uniq_blork_the_orc
D:5:      lemuel_coloured_pillars_altar, vehumet_statue

Action                   |  1- 3 |  4- 6 || total
-------------------------+-------+-------++-------
Melee: Hand axe          |    44 |     9 ||    53
Invok: Berserk           |     3 |       ||     3
       Trog's Hand       |     1 |       ||     1
  Use: Potion            |     2 |       ||     2
